 Dungeon Crawl Stone Soup version 0.18.1-5-g4a78601 (webtiles) character file.

60 dracos369 the Gusty (level 3, 0/27 HPs)
             Began as a Demigod Air Elementalist on May 14, 2016.
             Slain by an adder (5 damage)
             ... on level 2 of the Dungeon.
             The game lasted 00:07:22 (1022 turns).

dracos369 the Gusty (Demigod Air Elementalist)      Turns: 1022, Time: 00:07:24

Health: 0/27       AC:  2    Str: 11    XL:     3   Next: 57%
Magic:  2/8        EV: 12    Int: 21    God:
Gold:   33         SH:  0    Dex: 16    Spells: 3 memorised, 1 level left

rFire  . . .     SeeInvis .     f - +0 spear
rCold  . . .     Gourm    .     a - +0 robe
rNeg   . . .     Faith    .     (no shield)
rPois  +         Spirit   .     (no helmet)
rElec  .         Dismiss  .     (no cloak)
rCorr  .         Reflect  .     (no gloves)
SustAt +         Harm     .     (no boots)
MR     .....                    (no amulet)
Stlth  ++........               (no ring)
                                m - ring of poison resistance

@: flying, repel missiles, not resistant to hostile enchantments, unstealthy
A: high mp 1, sustain attributes
a: no special abilities


You were on level 2 of the Dungeon.
You were not hungry.

You visited 1 branch of the dungeon, and saw 2 of its levels.

You collected 33 gold pieces.

Inventory:

Hand Weapons
 f - a +0 spear (weapon)
 i - a +0 dagger
Armour
 a - a +0 robe (worn)
Jewellery
 m - a ring of poison resistance (left hand)
Scrolls
 d - a scroll of teleportation {unknown}
 e - a scroll of immolation {unknown}
 h - a scroll of recharging {unknown}
 k - a scroll of random uselessness {unknown}
 l - a scroll of identify {unknown}
Potions
 n - a potion of flight
 o - a potion of heal wounds {unknown}
Books
 b - a book of Air

   Spells                             Type                      Level
   a - Shock                          Conjuration/Air              1
   b - Swiftness                      Charms/Air                   2
   c - Repel Missiles                 Charms/Air                   2
   d - Static Discharge               Conjuration/Air              3
   e - Lightning Bolt                 Conjuration/Air              5
Comestibles
 c - a bread ration
 j - 2 meat rations
 p - 11 chunks of flesh


   Skills:
 + Level 0.8 Fighting
 - Level 1.7 Dodging
 - Level 1.7 Stealth
 - Level 2.0 Spellcasting
 * Level 2.0 Conjurations
 * Level 3.4 Air Magic


You had one spell level left.
You knew the following spells:

 Your Spells              Type           Power        Failure   Level  Hunger
a - Shock                 Conj/Air       ##..         6%          1    #......
b - Repel Missiles        Chrm/Air       #.....       12%         2    ##.....
c - Swiftness             Chrm/Air       #.......     12%         2    ##.....


Dungeon Overview and Level Annotations

Branches:
Dungeon (2/15)


Innate Abilities, Weirdness & Mutations

You have an increased reservoir of magic (+10% MP).
Your attributes are resistant to harm.


Message History

You are lethally poisoned!
The adder poisons you!
* * * LOW HITPOINT WARNING * * *
You feel sick. The adder bites you.
* * * LOW HITPOINT WARNING * * *
The adder bites you but does no damage.
Drink which item? (? for menu, Esc to quit)
It was a potion of flight.
You feel very buoyant.
You fly up into the air.
* * * LOW HITPOINT WARNING * * *
You feel sick. The adder barely misses you. The goblin hits you.
* * * LOW HITPOINT WARNING * * *
Unknown command.
Drink which item? (? for menu, Esc to quit)
It was a potion of curing.
You feel better. The adder barely misses you. The goblin hits you.
* * * LOW HITPOINT WARNING * * *
The adder bites you.
You die...

.....##.##.............
.....###.....#.###......
.........##.............
#........###.....#......
#........###...#.....###
##..............##....# #
#########...........##........# #
.......##.........####..#.....###
................@Sg†).....#......
.....<.##........#.###.......g...
###.####.........#..###..........
#.# #.#.......##.# #....#.###.
#.# #.####..### .. #......# #.
#.####.# #...# #.............
#...#..####.#..######.#..%###..
###...#.....##.... ............
#..##.###.# ##..#..#.......##


You could see an adder and a goblin.

Vanquished Creatures
  3 adders (D:2)
  A dart slug (D:2)
  A giant gecko (D:1)
  2 giant cockroaches (D:2)
  4 hobgoblins
  2 jackals (D:2)
  2 bats (D:2)
  4 giant newts
  7 goblins
  4 kobolds
  2 rats (D:1)
32 creatures vanquished.

Notes
Turn   | Place    | Note
--------------------------------------------------------------
     0 | D:1      | dracos369 the Demigod Air Elementalist began the quest for the Orb.
     0 | D:1      | Reached XP level 1. HP: 14/14 MP: 5/5
     7 | D:1      | Reached skill level 1 in Conjurations
   275 | D:1      | Reached XP level 2. HP: 20/20 MP: 1/7
   281 | D:1      | Reached skill level 3 in Air Magic
   739 | D:2      | Learned a level 2 spell: Repel Missiles
   743 | D:2      | Learned a level 2 spell: Swiftness
   942 | D:2      | Reached XP level 3. HP: 27/27 MP: 4/8
  1020 | D:2      | HP: 1/27 [goblin (1)]
  1022 | D:2      | Slain by an adder

Skill      XL: |  1  2  3 |
---------------+----------+-----
Conjurations   | 1 2 |  2.0
Air Magic      | 3 |  3.4
Spellcasting   | 2 |  2.0
Fighting       | |  0.8
Dodging        | |  1.7
Stealth        | |  1.7

Action                   || total
-------------------------++-------
Melee: Dagger            ||    11
       Spear             ||     7
 Cast: Shock             ||    40
       Repel Missiles    ||     1
  Use: Potion            ||     2
 Stab: Sleeping          ||     3
  Eat: Chunk             ||     1
Armor: Robe              ||     5
Dodge: Dodged            ||    31
